AoeStats
← Jan Itor

Arabia

509729900Analyzed
4v4 RM · 5d ago on Sep 27, 2026· 30m 33s· 8 players
Game mode
Random Map
Map size
Large (8 player)
Population
200
Speed
Normal
Resources
Standard
Victory
Conquest
Starting age
Dark Age
Ending age
Imperial Age
RankedLock teamsTeams togetherTeam positionsShared explorationLock speedFull tech treeHidden civsTurbo modeCheats
Victory
Defeat
🇦🇷 Persians · Argentina
1947
+12
🇩🇪 Franks · Germany
1788
+19
🇲🇽 Ethiopians · Mexico
1781
+19
🇬🇧 Vietnamese · United Kingdom
1659
+24
🇮🇹 Celts · Italy
1916
-21
1857
-19
1836
-18
🇮🇹 Magyars · Italy
1783
-16
MZTK | GO1_mx
6:17 Loom
8:28 Feudal Age
8:57 Double-Bit Axe
13:03 Fletching
15:54 Padded Archer Armor
24:40 Castle Age
24:41 Crossbowman
25:17 Bodkin Arrow
25:33 Bow Saw
26:38 Ballistics
willdbeast
6:30 Loom
8:44 Feudal Age
9:24 Double-Bit Axe
9:19 Horse Collar
13:51 Wheelbarrow
16:01 Scale Barding Armor
17:22 Forging
19:05 Bloodlines
22:30 Castle Age
21:13 Bloodlines
21:28 Gold Mining
23:38 Bow Saw
24:01 Husbandry
24:22 Chain Barding Armor
23:31 Light Cavalry
30:30 Iron Casting
30:40 Town Watch
Gary_zZ
6:06 Loom
8:20 Feudal Age
9:03 Double-Bit Axe
12:25 Fletching
15:51 Padded Archer Armor
22:19 Castle Age
20:21 Horse Collar
21:47 Gold Mining
22:08 Crossbowman
22:44 Bodkin Arrow
24:32 Ballistics
28:25 Thumb Ring
Jan Itor
8:25 Feudal Age
8:29 Loom
13:48 Scale Barding Armor
15:40 Forging
23:16 Castle Age
21:40 Double-Bit Axe
24:09 Bow Saw
23:42 Light Cavalry
25:12 Wheelbarrow
24:53 Husbandry
25:26 Husbandry
28:24 Chain Barding Armor
30:00 Wheelbarrow
ITA | Brain-rot
5:57 Loom
8:47 Feudal Age
9:21 Double-Bit Axe
10:45 Horse Collar
15:59 Scale Barding Armor
21:57 Castle Age
21:12 Bloodlines
21:52 Gold Mining
23:15 Chain Barding Armor
25:00 Husbandry
ITA | Padre Massimo dall'Aquila
8:32 Feudal Age
7:39 Loom
11:08 Double-Bit Axe
12:51 Fletching
16:19 Padded Archer Armor
23:04 Castle Age
21:40 Horse Collar
21:50 Gold Mining
23:23 Crossbowman
24:12 Bodkin Arrow
25:29 Ballistics
25:46 Bow Saw
Mettiu
5:42 Loom
8:47 Feudal Age
8:53 Man-at-Arms
9:59 Double-Bit Axe
12:56 Fletching
13:55 Town Watch
19:42 Gold Mining
22:42 Castle Age
21:20 Gold Mining
23:20 Bodkin Arrow
23:00 Crossbowman
25:34 Ballistics
29:33 Wheelbarrow
30:22 Horse Collar
ITA | Killer_Storm_
6:09 Loom
8:13 Feudal Age
9:19 Double-Bit Axe
11:45 Scale Barding Armor
18:01 Forging
20:36 Forging
26:05 Castle Age
24:44 Horse Collar
25:46 Bloodlines
27:09 Chain Barding Armor
28:05 Fletching
28:27 Husbandry
Connection lost

Rejoining the realm…

Still unreachable

The connection could not be restored.

Session expired

The server has moved on; the page needs a fresh start.